 BcadrenCrawl: Boulder Brew version 0.06-240-gf756cca71e (webtiles) character file.

Game seed: 15334517188431276788, levelgen mode: deterministic

5075 gruber the Cruncher (level 10, -7/110 HPs) Ogre Berserker. Began on Aug 13, 2022. Was an Elder of Trog. Killed from afar by an electric eel (8 damage) ... with a bolt of electricity ... on level 5 of the Dungeon. The game lasted 00:09:36 (4864 turns).

gruber the Cruncher (Ogre Berserker)                Turns: 4864, Time: 00:09:39

Health: -7/110     AC:  8    Str: 28    XL:     10 ^: 1977
Magic:  10/10      EV: 14    Int:  8    God:    Trog [4* [117]]
Gold:   231        SH:  0    Dex: 11    Spells: 9/9 levels left

rFire    . . .     Slash    x   o - +2 quarterstaff (crush)
rCold    . . .     Pierce   .   (also wielding the above weapon)
rNeg     . . .     Bludgeon .   b - +0 animal skin
rCorr    . . .     Vision   .   (helmet restricted)
rPois    .         Gourm    +   (no cloak)
rElec    .         Faith    .   (gloves unavailable)
MR       +....     Spirit   .   (boots unavailable)
HPRegen  0.46/turn Reflect  .   f - amulet of the gourmand
MPRegen  0.20/turn Harm     .   e - ring of strength Stlth +.........Rnd*Rage +
                                a - ring of protection

@: lethally poisoned (-7 -> -18), berserk cooldown, slowed, very slow
A: large, unfitting armour, soft flesh, AC +1
a: Berserk, Trog's Hand, Brothers in Arms, Renounce Religion


You were on level 5 of the Dungeon.
You worshipped Trog.
Trog was greatly pleased with you.
You were full.

You visited 1 branch of the dungeon, and saw 5 of its levels.

You collected 231 gold pieces.

Inventory:

Weapons
 o - a +2 quarterstaff of crushing (weapon)
 E - a +5 antimagic giant spiked club Shields
 i - a +0 heater shield of reflection
Armour
 b - a +0 animal skin (worn)
Jewellery
 a - a ring of protection (right hand)
 e - a ring of strength (left hand)
 f - an amulet of the gourmand (around neck)
 g - an uncursed amulet of guardian spirit
 m - an uncursed ring of fire
 q - a cursed ring of ice {(Curse: Str-5)}
 u - the cursed ring "Omankarph" {rN+ MR+ Stlth+, (Curse: Str-2)}
   (You found it on level 2 of the Dungeon)

   [ring of positive energy]

   It protects you from negative energy.
   It affects your resistance to hostile enchantments.
   It makes you more stealthy.
   It has a curse placed upon it.
   { (Curse: Str-2)}
 z - an uncursed ring of poison resistance
Wands
 k - a wand of hasting (2)
 l - a wand of random effects (12)
 v - a wand of polymorph (4)
 w - a wand of disintegration (10)
 y - a wand of flame (2)
 D - a wand of ensnaring (1)
Scrolls
 d - a scroll of bless item
 h - a scroll of teleportation
 n - 2 scrolls of fog
 s - a scroll of enchantment
 A - a scroll of magic mapping
 H - a scroll of blinking
Potions
 j - 5 potions of curing
 p - a potion of agility
 r - 4 potions of heal wounds
 t - a potion of ambrosia
 B - a potion of might
 G - a potion of cure mutation
Comestibles
 c - 9 rations


   Skills:
 - Level 10.0 Fighting
 * Level 10.9 Maces & Staves
 - Level 10.0 Dodging


You had 9 spell levels left.
You didn't know any spells.
Your spell library was empty.

Dungeon Overview and Level Annotations

Branches:
Dungeon (5/8)              Temple (0/1) D:4
   Lair: D:5

Altars:
Cheibriados
Elyvilon
Kikubaaqudgha
Makhleb
Ru
Sif Muna
Yredelemnul
Zin


Innate Abilities, Weirdness & Mutations

Your tough skin is resilient. (AC +1)
You are too large for most types of armour.
Your soft flesh is weak to deep cuts.
Heavy manmade armour will nullify this weakness. (rSlashing-)
You frequently lose your temper in combat.
This godly rage surpasses even clarity. (*Rage)


Message History

Trog accepts your kill.
The howler monkey moves out of view.
You hear a shout!
Yoink!
You're pulled towards a congregation trap!
An orc priest comes into view. x2; An orc comes into view.
An electric eel comes into view.
Unknown command.
Unknown command.
You feel sick. (1)
The electric eel shoots out a bolt of lightning at you!
The bolt of electricity hits you (7)!
The electric eel shoots out a bolt of lightning at you!
The bolt of electricity hits you (10)!
* * * LOW HITPOINT WARNING * * *
The orc warrior hits you from afar with a cursed +4 halberd of venom {(Curse: Fragile)} (27)!!
You are lacerated severely!
* * * LOW HITPOINT WARNING * * *
You are lethally poisoned!
The electric eel shoots out a bolt of lightning at you!
The bolt of electricity hits you (8)!
You die...

#..... ##...#...########
#..... ##................
#..... #.................
#....>######...).............
#..>...##....††......†.......
#....................††......
#.......###......#..†§†).....
.................#..###†.#..#
#####...........@.o.# ......
##.##=#.......#...o......
######.##)).....#............
#......###...................
#........#..<................
#.....##............./.o..
#..)..###...............§.
#.....##..............;;.
#....)#..#.........≈≈≈≈;o


You could see an orc warrior, 2 submerged electric eels, an orc priest and an
orc.

Vanquished Creatures
  A boulder beetle (D:5)
  Erica (D:4)
  Grum (D:4)
  3 war dogs (D:4)
  Eustachio (D:3)
  A slime creature (D:2)
  2 scorpions (D:4)
  A porcupine (D:5)
  2 sky beasts (D:4)
  An ice beast (D:4)
  A black bear (D:4)
  6 ogres
  A wolf (D:5)
  3 big kobolds (D:2)
  3 howler monkeys
  4 wights (D:5)
  A hornet zombie (D:3)
  A llaibwca (D:3)
  4 jellies
  2 orc priests
  3 hounds
  A gnoll shaman (D:4)
  3 iguanas
  3 orc wizards (D:3)
  3 worker ants
  A wyvern skeleton (D:4)
  7 giant cockroaches
  2 porcupine zombies (D:5)
  2 boggart skeletons (D:4)
  14 adders
  4 gnolls
  A gwybwca (D:4)
  19 sewer rats (D:2)
  3 worms (D:2)
  4 cinder newts
  4 bullfrogs
  A howler monkey skeleton (D:5)
  An ooze (D:2)
  A dart slug (D:1)
  9 leopard geckos
  18 orcs
  An adder skeleton (D:3)
  9 ball pythons
  6 bats
  5 goblins (D:1)
  5 hobgoblins (D:1)
  12 jackals
  2 quokkas (D:4)
  A jackal skeleton (D:2)
  17 kobolds
  4 kobold skeletons (D:2)
  4 rats (D:1)
  A rat skeleton (D:2)
  A butterfly (D:4)
  2 giant blowflies (D:2)
214 creatures vanquished.

Vanquished Creatures (collateral kills)
  A hippogriff (D:5)
  A hound (D:5)
  An orc wizard (D:5)
3 creatures vanquished.

Vanquished Creatures (others)
  3 kobolds (D:2)
  5 butterflies (D:1)
  3 toadstoolion (D:2)
  88 withered plants (D:2)
99 creatures vanquished.

Grand Total: 316 creatures vanquished

Notes
Turn   | Place    | Note
-------+----------+-------------------------------------------
     0 | D:1      | gruber the Ogre Berserker began the quest for the Orb.
     0 | D:1      | Reached XP level 1. HP: 24/24 MP: 1/1
    75 | D:1      | Reached XP level 2. HP: 32/32 MP: 2/2
    78 | D:1      | Reached skill level 5 in Maces & Staves
    78 | D:1      | Reached XP level 3. HP: 39/39 MP: 3/3
   170 | D:1      | Received a gift from Trog
   170 | D:1      | Reached XP level 4. HP: 35/48 MP: 4/4
   365 | D:1      | Reached ** piety under Trog
   687 | D:1      | Reached XP level 5. HP: 54/54 MP: 1/5
   904 | D:2      | Reached skill level 5 in Fighting
   904 | D:2      | Reached XP level 6. HP: 37/66 MP: 2/6
  1200 | D:2      | Received a gift from Trog
  1220 | D:2      | Reached *** piety under Trog
  1386 | D:2      | Reached XP level 7. HP: 78/78 MP: 7/7
  1841 | D:2      | Found a white marble altar of Elyvilon.
  2093 | D:2      | Reached skill level 10 in Fighting
  2144 | D:2      | Identified the cursed ring "Omankarph" {rN+ MR+ Stlth+,
                  | (Curse: Str-2)}
  2401 | D:3      | Reached XP level 8. HP: 93/93 MP: 8/8
  2414 | D:3      | Reached **** piety under Trog
  2560 | D:3      | Noticed Eustachio
  2580 | D:3      | Killed Eustachio
  2602 | D:3      | Reached skill level 5 in Dodging
  2807 | D:3      | Received a gift from Trog
  3623 | D:4      | Reached XP level 9. HP: 101/101 MP: 9/9
  3880 | D:4      | Noticed Grum
  3889 | D:4      | Killed Grum
  4232 | D:4      | Found a snail-covered altar of Cheibriados.
  4239 | D:4      | Found an ancient bone altar of Kikubaaqudgha.
  4241 | D:4      | Found a shimmering blue altar of Sif Muna.
  4308 | D:4      | Reached skill level 10 in Dodging
  4423 | D:4      | Noticed Erica
  4434 | D:4      | Killed Erica
  4434 | D:4      | Received a gift from Trog
  4434 | D:4      | Reached XP level 10. HP: 78/110 MP: 10/10
  4582 | D:4      | Found a sacrificial altar of Ru.
  4582 | D:4      | Found a basalt altar of Yredelemnul.
  4583 | D:4      | Found a burning altar of Makhleb.
  4618 | D:4      | Found a staircase to the Ecumenical Temple.
  4674 | D:5      | Entered Level 5 of the Dungeon
  4791 | D:5      | Found a glowing silver altar of Zin.
  4822 | D:5      | Reached skill level 10 in Maces & Staves
  4831 | D:5      | Noticed a boulder beetle
  4837 | D:5      | Reached ***** piety under Trog
  4849 | D:5      | Killed a boulder beetle
  4864 | D:5      | HP: 1/110 [orc warrior/cursed +4 halberd of venom {(Curse:
                  | Fragile)} (27)]
  4864 | D:5      | Killed from afar by an electric eel

Levels and vault maps discovered:
D:1:      nzn_arrival_depleted_hourglass, layout_rooms, minmay_snake_closets,
          portal_sewer_entry_e
D:2:      layout_sewer, elyvilon_niche, minmay_liquid_box,
          minmay_gold_behind_fungi
D:3:      layout_basic, first_ration, uniq_eustachio
D:4:      layout_basic, minitemple, gammafunk_temple_overflow_claw,
          minmay_temple_entry_butterflies, uniq_erica, uniq_grum
D:5:      layout_rooms, nicolae_overflow_crystal_walls, lemuel_round_altar,
          erik_lair_island

Skill      XL: |  1  2  3  4  5  6  7  8  9 10 |
---------------+-------------------------------+-----
Maces & Staves | 4 5 6 7 9 10 | 10.9
Fighting       | 5 7 10 | 10.0
Dodging        | 6 10 | 10.0

Action                   |  1- 3 |  4- 6 |  7- 9 | 10-12 || total
-------------------------+-------+-------+-------+-------++-------
Melee: Mace              |    31 |     4 |       |       ||    35
       Unarmed           |    18 |    50 |       |       ||    68
       Morningstar       |       |    91 |       |       ||    91
       Quarterstaff      |       |    20 |   232 |    50 ||   302
Invok: Berserk           |     2 |       |     6 |     1 ||     9
       Trog's Hand       |       |       |     2 |       ||     2
       Brothers in Arms  |       |       |       |     1 ||     1
 Stab: Sleeping          |     1 |     1 |     1 |       ||     3
  Eat: Chunk             |       |    22 |    13 |       ||    35
Armor: Animal skin       |     9 |    40 |    69 |    23 ||   141
       Skin              |       |       |     1 |       ||     1
Dodge: Dodged            |     9 |    20 |    63 |    12 ||   104
